 Dungeon Crawl Stone Soup version 0.28-a0-537-g3bccd9ccbf (webtiles) character file.

Game seed: 3154355377850863449

34 Tocho the Skirmisher (level 3, -8/30 HPs)
             Began as a Demonspawn Abyssal Knight on Sept 27, 2021.
             Was a Follower of Lugonu.
             Mangled by Terence (12 damage)
             ... on level 2 of the Dungeon.
             The game lasted 00:02:13 (1473 turns).

Tocho the Skirmisher (Demonspawn Abyssal Knight)    Turns: 1473, Time: 00:02:14

Health: -8/30      AC:  3    Str: 14    XL:     3   Next: 14%
Magic:  4/4        EV: 11    Int: 11    God:    Lugonu [*.....]
Gold:   48         SH:  0    Dex: 13    Spells: 2/2 levels left

rFire   . . .      SeeInvis .   a - +1 falchion
rCold   . . .      Faith    .   (no shield)
rNeg    . . .      Spirit   .   b - +0 leather armour
rPois   .          Reflect  .   (no helmet)
rElec   .          Harm     .   (no cloak)
rCorr   .          Rampage  .   (no gloves)
Will    .....                   (no boots)
Stlth   +.........              (no amulet)
HPRegen 0.10/turn               (no ring)
MPRegen 0.09/turn               (no ring)

@: no status effects
A: foul stench 1, powered by death 1
a: Renounce Religion, Depart the Abyss


You were on level 2 of the Dungeon.
You worshipped Lugonu.
Lugonu was aware of your devotion.
You visited 1 branch of the dungeon, and saw 2 of its levels.
You visited the Abyss 1 time.

You collected 48 gold pieces.

Inventory:

Hand Weapons
 a - a +1 falchion (weapon)
Armour
 b - a +0 leather armour (worn)
Jewellery
 c - a +6 ring of intelligence
 g - a ring of magical power
Scrolls
 e - a scroll of identify {unknown}
 j - a scroll of blinking {unknown}
 k - a scroll of teleportation {unknown}
Potions
 d - a potion of mutation {unknown}
 f - 2 potions of heal wounds
 h - a potion of berserk rage {unknown}
 i - 2 potions of degeneration {unknown}


   Skills:
 + Level 3.7 Fighting
 + Level 2.2 Long Blades
 + Level 1.9 Armour
 + Level 1.0 Dodging
 * Level 0.2 Spellcasting
 + Level 2.6 Invocations


You had 2 spell levels left.
You didn't know any spells.
Your spell library contained the following spells:

 Spells                   Type           Power      Damage    Failure   Level
 Stone Arrow              Conj/Erth      0%         3d7       78%         3
 Animate Armour           Summ/Erth      0%         N/A       99%         4
 Animate Dead             Necr           0%         N/A       99%         4
 Haunt                    Necr/Summ      0%         N/A       100%        7
 Infestation              Necr           0%         N/A       100%        8
 Lehudib's Crystal Spear  Conj/Erth      0%         10d2      100%        8


Dungeon Overview and Level Annotations

Branches:
Dungeon (2/15)

Altars:

Annotations:
D:2 Terence


Innate Abilities, Weirdness & Mutations

You may rarely emit foul miasma when damaged in melee.
You regenerate a little health from kills.


Message History

Terence is lightly wounded.
Terence misses you. Terence closely misses you.
You closely miss Terence.
Terence is lightly wounded.
Terence hits you with a +0 flail!
* * * LOW HITPOINT WARNING * * *
You hit Terence.
Terence is moderately wounded.
Terence hits you with a +0 flail.
* * * LOW HITPOINT WARNING * * *
You closely miss Terence.
Terence is moderately wounded.
Terence misses you. Terence says, "How do you enjoy it?"
Terence says, "How do you enjoy it?"
It was a potion of heal wounds.
You feel much better. Terence hits you with a +0 flail.
You hit Terence.
Terence is heavily wounded.
Terence misses you.
You hit Terence.
Terence is heavily wounded.
Terence barely misses you.
You hit Terence.
Terence is heavily wounded.
Terence hits you with a +0 flail.
You hit Terence but do no damage.
Terence is heavily wounded.
Terence misses you.
You hit Terence but do no damage.
Terence is heavily wounded.
Terence hits you with a +0 flail. x2
You hit Terence.
Terence is almost dead.
Terence hits you with a +0 flail!
* * * LOW HITPOINT WARNING * * *
You hit Terence but do no damage.
Terence is almost dead.
Terence hits you with a +0 flail!
You die...

####.##.......# #
#.#.#.#..(...#
#....##.#....#<.#
#.#.#....#####
#.#####.####.######.#....)..##
#.#...#.##..........###......#
#.#.#.#.##.#....##### #.###..#
#.#.#.#.##.#....# #.# #..#
#.#.#.#.##.#....#######.# #..#
#.#.#.#.##.####.......#.###..#
...............@@......>.....#
..###.#.##.##########.#.####.#
......#.##.# #.....#....#
......#.##.########.#.#.#.####
..###.#.##.##.......#.....#
#.###.#.##.##.#############
......#.##.##.#
.....<#.##.##.#
#.#.....##.##†#


You could see Terence.

Vanquished Creatures
  An adder (D:2)
  A dart slug (D:2)
  2 ball pythons (D:1)
  3 bats
  An endoplasm (D:1)
  A giant cockroach (D:2)
  A goblin (D:1)
  2 hobgoblins (D:1)
  4 kobolds (D:1)
  A quokka (D:2)
  2 frilled lizards (D:1)
  A rat (D:1)
20 creatures vanquished.

Notes
Turn   | Place    | Note
-------+----------+-------------------------------------------
     0 | Abyss:1  | Tocho the Demonspawn Abyssal Knight began the quest for the
                  | Orb.
     0 | Abyss:1  | Reached XP level 1. HP: 18/18 MP: 2/2
    43 | Abyss:1  | Noticed a wretched star
    44 | D:1      | Escaped the Abyss
   287 | D:1      | Gained mutation: You regenerate a little health from kills.
                  | [demonic ancestry]
   287 | D:1      | Reached XP level 2. HP: 15/24 MP: 3/3
   446 | D:1      | Reached * piety under Lugonu
   569 | D:1      | Found a faded altar of an unknown god.
  1306 | D:2      | Reached skill level 1 in Dodging
  1306 | D:2      | Gained mutation: You may rarely emit foul miasma when
                  | damaged in melee. [demonic ancestry]
  1306 | D:2      | Reached XP level 3. HP: 29/29 MP: 4/4
  1433 | D:2      | Noticed Terence
  1473 | D:2      | Mangled by Terence

Illustrated notes

Levels and vault maps discovered:
D:1:      grunt_arrival_crossed_arrows, layout_basic, serial_curves,
          eino_curves_04, eino_curves_01, dreamdust_ecumenical_altar_statues,
          kennysheep_decorative_pillar
D:2:      layout_basic, uniq_terence

Skill      XL: |  1  2 |
---------------+-------+-----
Long Blades    | 2 |  2.2
Dodging        | 1 |  1.0
Fighting       | |  3.7
Armour         | |  1.9
Spellcasting   | |  0.2
Invocations    | |  2.6

Action                   || total
-------------------------++-------
Melee: Falchion          ||    75
Invok: Depart the Abyss  ||     1
  Use: Potion            ||     1
Armor: Leather armour    ||    20
Dodge: Dodged            ||    45

Table legend: (Time is in decaauts)
 A = Elapsed time spent in this place.
 B = Non-inter-level travel time spent in this place.
 C = Inter-level travel time spent in this place.
 D = Time resting spent in this place.
 E = Time spent auto-exploring this place.
 F = Levels seen in this place.
 G = Mean time per level.
                   A        B        C        D        E       F      G
               +--------+--------+--------+--------+--------+-----+--------+
         Total |   1487 |   1473 |     14 |      0 |   1267 |   3 |  495.7 |
       Dungeon |   1443 |   1429 |     14 |      0 |   1225 |   2 |  721.5 |
         Abyss |     44 |     44 |      0 |      0 |     42 |   1 |   44.0 |
               +--------+--------+--------+--------+--------+-----+--------+

Top non-repeatable levels by time:
     D:1: 1139 daAuts
     D:2: 303 daAuts
 Abyss:1: 44 daAuts
